 Dungeon Crawl Stone Soup version 0.27-a0-412-g8dd771eca2 (webtiles) character file.

Game seed: 10071974187954174261

553228 rj54x the Impregnable (level 25, -1/248 HPs)
             Began as a Minotaur Berserker on Feb 8, 2021.
             Was the Champion of Trog.
             Killed by a guardian mummy's death curse (10 damage)
             ... on level 1 of the Tomb of the Ancients on Feb 23, 2021.
             The game lasted 04:33:11 (71074 turns).

rj54x the Impregnable (Minotaur Berserker)         Turns: 71074, Time: 04:33:13

Health: -1/248     AC: 49    Str: 35    XL:     25   Next: 61%
Magic:  22/22      EV: 13    Int:  2    God:    Trog [******]
Gold:   5614       SH:  5    Dex: 11    Spells: 24/24 levels left

rFire    + + +     SeeInvis +   a - +7 executioner's axe of Racamm {vorpal, rPois rF++ Int-5 SInv}
rCold    + . .     Faith    .   (shield currently unavailable)
rNeg     + + +     Spirit   .   f - +9 crystal plate armour
rPois    +         Reflect  +   D - +0 hat {Int+3}
rElec    .         Harm     .   T - +2 cloak "Onoejum" {rC+ rN+}
rCorr    .         Rampage  +   p - +1 pair of gloves of Hasaddoi {rPois rC- rN+ Slay+4}
Will     +....                  R - +0 pair of boots {rampage}
Stlth    ..........             r - amulet of reflection
HPRegen  0.51/turn              t - ring of Lyegysa {rPois rF+ rN++ Str+4 Dex-2}
MPRegen  0.18/turn              E - ring of protection from cold

@: lethally poisoned (-1 -> -4), about to teleport, slowed, studying Long
Blades, very slow
A: retaliatory headbutt, horns 2
}: 2/15 runes: serpentine, barnacled
a: Renounce Religion, Berserk, Trog's Hand, Brothers in Arms


You were on level 1 of the Tomb of the Ancients.
You worshipped Trog.
Trog was exalted by your worship.
You visited 10 branches of the dungeon, and saw 47 of its levels.
You visited the Abyss 1 time.
You visited 2 bazaars.
You also visited: Ossuary and Volcano.

You collected 7112 gold pieces.
You spent 1498 gold pieces at shops.

Inventory:

Hand Weapons
 a - the +7 executioner's axe of Racamm (weapon) {vorpal, rPois rF++ Int-5 SInv}
   (Trog gifted it to you on level 5 of the Lair of Beasts)

   It inflicts extra damage upon your enemies.
   It affects your intelligence (-5).
   It greatly protects you from fire.
   It protects you from poison.
   It lets you see invisible.
 c - a +0 executioner's axe of flaming
 J - a +9 executioner's axe of draining
Missiles
 s - 7 boomerangs of dispersal
Armour
 f - a +9 crystal plate armour (worn)
 p - the +1 pair of gloves of Hasaddoi (worn) {rPois rC- rN+ Slay+4}
   (You found it on level 1 of the Vaults)

   It affects your accuracy and damage with ranged weapons and melee attacks
   (+4).
   It makes you vulnerable to cold.
   It protects you from poison.
   It protects you from negative energy.
 D - a +0 hat of intelligence (worn)
 R - a +0 pair of boots of rampaging (worn)
 T - the +2 cloak "Onoejum" (worn) {rC+ rN+}
   (You found it on level 3 of the Elven Halls)

   It protects you from cold.
   It protects you from negative energy.
Jewellery
 r - an amulet of reflection (around neck)
 t - the ring of Lyegysa (left hand) {rPois rF+ rN++ Str+4 Dex-2}
   (You found it on level 2 of the Shoals)

   [ring of protection from fire]

   It affects your strength (+4).
   It affects your dexterity (-2).
   It protects you from fire.
   It protects you from poison.
   It greatly protects you from negative energy.
 A - the ring of Ifuureul {+Fly rF- rN+ Str+4 Dex+2}
   (You found it on level 3 of the Crypt)

   [ring of positive energy]

   It affects your strength (+4).
   It affects your dexterity (+2).
   It makes you vulnerable to fire.
   It protects you from negative energy.
   It lets you fly.
 E - a ring of protection from cold (right hand)
 K - a +6 ring of intelligence
 L - the ring of the Invisible Hand {rElec rPois rN+ Str-2 Dex+5}
   (You found it on level 3 of the Crypt)

   [ring of positive energy]

   It affects your strength (-2).
   It affects your dexterity (+5).
   It insulates you from electricity.
   It protects you from poison.
   It protects you from negative energy.
 M - a ring of flight
Wands
 j - a wand of paralysis (11)
 o - a wand of acid (44)
 u - a wand of digging (24)
 C - a wand of flame (51)
 G - a wand of mindburst (14)
 H - a wand of charming (11)
Scrolls
 b - a scroll of summoning
 d - 6 scrolls of fear
 e - 16 scrolls of teleportation
 g - 4 scrolls of blinking
 k - 9 scrolls of magic mapping
 l - a scroll of holy word
 n - 7 scrolls of fog
 q - a scroll of acquirement
 v - a scroll of silence
 w - 5 scrolls of immolation
 F - 8 scrolls of identify
Potions
 h - 2 potions of cancellation
 i - 8 potions of heal wounds
 m - 22 potions of curing
 x - 4 potions of flight
 z - 3 potions of might
 B - 2 potions of resistance
 N - 7 potions of haste
 Z - 6 potions of invisibility
Miscellaneous
 y - a condenser vane
 I - a box of beasts
 Q - a lightning rod (4/4)


   Skills:
 + Level 24.9 Fighting
 + Level 26.7 Axes
 - Level 26.9 Armour
 - Level 12.5 Dodging
 - Level 5.9 Stealth
 + Level 16.0 Evocations


You had 24 spell levels left.
You didn't know any spells.
Your spell library contained the following spells:

 Spells                   Type           Power        Failure   Level
 Animate Skeleton         Necr           0%           95%         1
 Apportation              Tloc           0%           95%         1
 Beastly Appendage        Tmut           0%           95%         1
 Corona                   Hex            0%           95%         1
 Freeze                   Ice            0%           95%         1
 Sting                    Tmut/Pois      0%           95%         1
 Summon Small Mammal      Summ           0%           95%         1
 Blink                    Tloc           N/A          99%         2
 Ensorcelled Hibernation  Hex/Ice        0%           99%         2
 Poisonous Vapours        Pois/Air       0%           99%         2
 Wereblood                Tmut           0%           99%         2
 Confusing Touch          Hex            0%           100%        3
 Dazzling Flash           Conj/Hex       0%           100%        3
 Frozen Ramparts          Ice            0%           100%        3
 Gell's Gravitas          Tloc           0%           100%        3
 Ignite Poison            Fire/Tmut/Pois 0%           100%        3
 Lesser Beckoning         Tloc           0%           100%        3
 Mephitic Cloud           Conj/Pois/Air  0%           100%        3
 Ozocubu's Armour         Ice            0%           100%        3
 Spider Form              Tmut/Pois      0%           100%        3
 Teleport Other           Tloc           0%           100%        3
 Tukima's Dance           Hex            0%           100%        3
 Hailstorm                Conj/Ice       0%           100%        4
 Ice Form                 Ice/Tmut       0%           100%        4
 Olgreb's Toxic Radiance  Pois           0%           100%        4
 Passage of Golubria      Tloc           N/A          100%        4
 Summon Ice Beast         Ice/Summ       0%           100%        4
 Blade Hands              Tmut           0%           100%        5


Dungeon Overview and Level Annotations

Branches:
Dungeon (15/15)            Temple (0/1) D:6            Lair (6/6) D:11
 Shoals (4/4) Lair:3        Snake (4/4) Lair:4        Slime (0/5) Lair:6
    Orc (2/2) D:10            Elf (3/3) Orc:2        Vaults (4/5) D:13
  Crypt (3/3) Vaults:2       Tomb (1/3) Crypt:3      Depths (5/5) D:15
    Zot (0/5) Depths:5    Ossuary (visited)         Volcano (visited)

Altars:
Ashenzari
Cheibriados
Elyvilon
Fedhas
Hepliaklqana
Kikubaaqudgha
Makhleb
Nemelex Xobeh
Ru
Uskayaw
Vehumet
Zin
The Shining One
Beogh
Jiyva

Shops:
D:8 (   Orc:2 =[*   Elf:1 [[   Elf:2 *   Snake:2 !   Vaults:4 *   Depths:1 (

Portals:
Hell: Depths:1 Depths:2 Depths:3 Depths:4 Depths:5
Abyss: Depths:4
Pandemonium: Depths:3 Depths:4
Ziggurat: Depths:5

Annotations:
D:10 3 runed translucent doors, tinescath's ghost, journeyman DEFE
D:15 1 exclusion
Lair:4 exclusions: ice statue and 3 oklob plants
Shoals:1 Roxanne
Depths:5 3 runed translucent doors


Innate Abilities, Weirdness & Mutations

You reflexively headbutt those who attack you in melee.
You have a pair of horns on your head.


Message History

* * * LOW HITPOINT WARNING * * *
The guardian mummy hits you but does no damage.
Unknown command.
Unknown command.
Unknown command.
You feel much better.
You are engulfed in dark miasma.
You feel as though you will be slow longer.
* * * LOW HITPOINT WARNING * * *
You feel sick. You block the sphinx's attack. The sphinx misses you.
The sphinx hits you but does no damage. The sphinx closely misses you.
The sphinx hits you but does no damage. The sphinx hits you.
* * * LOW HITPOINT WARNING * * *
The ushabti shakes and rattles.
The vile air hits the sphinx.
The vile air hits the guardian mummy.
The vile air hits you but does no damage.
The vile air hits the guardian mummy!
The sphinx hits you but does no damage. x2
The sphinx closely misses you.
The sphinx is engulfed in dark miasma.
The sphinx looks even sicker.
You block the sphinx's attack. The sphinx closely misses you. x2
The guardian mummy hits you but does no damage.
The sphinx hits you but does no damage. x2; The sphinx completely misses you.
The guardian mummy hits you!
* * * LOW HITPOINT WARNING * * *
The sphinx is engulfed in dark miasma.
The sphinx looks as sick as possible!
The guardian mummy hits you but does no damage.
The sphinx hits you but does no damage. x3
Unknown command.
You cut the guardian mummy into ribbons!!!
You destroy the guardian mummy!
Trog accepts your kill.
You slash the sphinx! You completely miss the sphinx.
You cut the guardian mummy into ribbons!!!
You destroy the guardian mummy!
Trog accepts your kill.
You slice the sphinx!! You hit the sphinx. You slice the guardian mummy!!
You feel extremely nervous for a moment...
You are engulfed in negative energy!
You resist.
You feel extremely nervous for a moment...
Pain shoots through your body!
You die...

########################
#.......°°.○............
#...........HH8.........
#.......○☼○M@○H.........
#...........HH†.........
#...........8...........
#.......................
#.......................
#.......................
#.......................
#.......................
#....................


You could see 5 sphinxes, a guardian mummy and 2 ushabtiu.

Vanquished Creatures
  A dread lich (Crypt:3)
  2 ancient liches (Crypt:3)
  A juggernaut (Depths:3)
  Vashnia (Snake:4)
  6 caustic shrikes (Depths:5)
  A curse toe (Crypt:3)
  Margery (Vaults:2)
  The ghost of Keacayg the Unseen, a veteran KoEn of Dithmenos (Depths:4)
  The ghost of Usuebad the Warrior, an adept DgCj (Depths:3)
  A golden dragon (Depths:4)
  the Enchantress (Depths:4)
  A bone dragon (Depths:5)
  Jory (Crypt:1)
  A tentacled monstrosity (Depths:3)
  A Tzitzimitl (Depths:4)
  Jorgrun (D:15)
  A shard shrike skeleton (Crypt:1)
  5 liches
  Asterion (Orc:2)
  A titan (Depths:3)
  3 deep elf blademasters
  Polyphemus (Shoals:3)
  Gastronok (D:8)
  Frances (Shoals:1)
  A deep elf master archer (Elf:3)
  6 ancient champions
  6 sphinxes
  A shadow dragon (Depths:5)
  6 tengu reavers
  A draconian monk (Depths:5)
  A storm dragon (Depths:5)
  9 nagarajas
  3 revenants
  Ilsuiw (Shoals:3)
  A draconian knight (Depths:5)
  12 fire giants
  2 iron dragons
  10 vault wardens
  7 deep elf sorcerers
  9 frost giants
  2 orc warlords (Orc:2)
  Aizul (Shoals:4)
  5 curse skulls
  A balrug (Depths:3)
  5 deep elf elementalists (Elf:3)
  A draconian stormcaller (Depths:5)
  A caustic shrike zombie (Depths:4)
  5 reapers (Depths:4)
  6 ghouls
  A juggernaut zombie (Depths:2)
  13 stone giants
  12 ironheart preservers
  8 vampire knights
  3 spriggan defenders (Depths:4)
  7 very ugly things
  9 deep elf annihilators (Elf:3)
  Nessos (Lair:6)
  Azrael (Snake:1)
  6 deep elf demonologists (Elf:3)
  2 purple draconians (Depths:5)
  4 black draconians (Depths:5)
  2 yellow draconians (Depths:5)
  A minotaur (Shoals:2)
  5 spark wasps
  3 red draconians (Depths:5)
  5 white draconians (Depths:5)
  11 deep elf death magi
  9 ettins
  Josephine (D:10)
  7 eidola
  2 quicksilver dragon zombies (Crypt:2)
  13 fire dragons
  9 yaktaur captains
  4 merfolk javelineers
  5 deep elf high priests
  20 jiangshi
  A kraken zombie (Crypt:3)
  6 merfolk impalers
  15 ice dragons
  6 great orbs of eyes
  4 boulder beetles
  A caustic shrike simulacrum (Depths:4)
  5 rakshasas
  A hell beast (Depths:1)
  2 vault guards
  14 hydras
  11 naga warriors
  10 ogre magi
  10 centaur warriors
  3 catoblepae
  3 anacondas
  Erica (D:8)
  A juggernaut simulacrum (Depths:4)
  4 satyrs
  11 deep troll shamans
  2 alligator snapping turtles (Shoals:4)
  2 merfolk avatars (Shoals:4)
  6 spriggan air magi
  6 merfolk aquamancers
  8 death yaks
  An alligator (shapeshifter) (Depths:3)
  6 death scarabs (Tomb:1)
  6 tengu warriors
  8 death knights
  29 two-headed ogres
  8 vampire magi
  2 titan zombies
  25 dancing weapons
  3 spriggans (Depths:4)
  5 orc high priests (Orc:2)
  16 deep troll earth magi
  17 naga sharpshooters
  6 shock serpents
  24 hell knights
  2 spriggan berserkers
  2 soul eaters (Depths:4)
  17 deep elf knights
  2 titan skeletons (Depths:4)
  27 skeletal warriors
  A spark wasp zombie (Depths:4)
  3 iron trolls
  4 shadow wraiths
  2 storm dragon zombies
  2 storm dragon skeletons
  39 deep trolls
  A ghost moth zombie (Crypt:2)
  3 unseen horrors
  5 flayed ghosts
  4 tengu zombies
  17 sea snakes
  2 bog bodies (Crypt:2)
  8 naga ritualists
  4 glowing orange brains
  9 harpies
  7 phantasmal warriors
  2 shadow dragon zombies
  9 ironbrand convokers
  6 wizards
  A lindwurm (Lair:6)
  5 deep elf archers
  2 golden dragon skeletons
  2 harpies (shapeshifter)
  24 deep elf pyromancers
  11 orc knights
  4 sphinx zombies
  17 necromancers
  5 orc sorcerers
  2 oklob plants
  11 fauns
  15 mana vipers
  29 deep elf zephyrmancers
  39 ugly things
  A fire giant zombie (Vaults:3)
  8 cyclopes
  5 frost giant zombies
  4 elephants
  7 salamanders
  16 manticores
  2 sphinx skeletons (Depths:4)
  A salamander (shapeshifter) (Depths:1)
  A guardian serpent (Snake:3)
  A shock serpent zombie (Crypt:2)
  The ghost of foci the Chopper, a novice GrFi of the Shining One (D:6)
  2 frost giant skeletons (Depths:2)
  9 vault sentinels
  A stone giant skeleton (Crypt:2)
  7 merfolk sirens
  3 rust devils
  34 black mambas
  4 fire giant skeletons
  6 water nymphs
  30 naga magi
  2 torpor snails
  An orange demon (Depths:4)
  4 spriggan skeletons
  11 cane toads
  A yaktaur zombie (Vaults:3)
  A kobold demonologist (D:13)
  2 rime drakes
  6 freezing wraiths
  44 yaktaurs
  2 elf skeletons (Depths:4)
  11 komodo dragons
  Psyche (D:8)
  A spark wasp simulacrum (Depths:4)
  9 tengu conjurers
  An efreet (D:11)
  4 guardian mummies
  4 ice devils
  A minotaur skeleton (Crypt:2)
  A hellwing (Depths:3)
  A jumping spider (Vaults:3)
  10 trolls
  3 polar bears
  3 meliai (Shoals:2)
  2 red devils
  4 hornets
  18 merfolk
  7 wind drakes
  A spriggan zombie (Depths:2)
  2 hydra skeletons (Crypt:3)
  17 slime creatures
  10 snapping turtles
  22 blink frogs
  14 dream sheep
  A stone giant simulacrum (Crypt:2)
  An ice dragon skeleton (Crypt:2)
  2 ettin skeletons
  A satyr skeleton (Crypt:2)
  16 flying skulls
  A ynoxinul (Depths:4)
  A redback (Vaults:3)
  A spriggan (shapeshifter) (Vaults:1)
  An air elemental (Elf:2)
  A shapeshifter (Vaults:3)
  3 wyverns
  A fire dragon skeleton (Crypt:2)
  3 shadows
  14 wraiths
  22 humans (D:13)
  19 water elementals
  2 black mamba skeletons
  2 humans (shapeshifter)
  49 yaks
  A chaos spawn (Depths:4)
  A hog (shapeshifter) (Vaults:4)
  12 vampire mosquitoes
  2 fire bats (Volcano)
  4 fire elementals (Snake:1)
  6 basilisks
  A golden eye (shapeshifter) (Vaults:2)
  A steam dragon (D:10)
  13 wargs
  36 nagas
  3 hell hounds (Snake:1)
  2 faun zombies
  An acid dragon (Vaults:1)
  A water moccasin (shapeshifter) (Depths:4)
  An infernal demonspawn zombie (Crypt:2)
  11 water moccasins
  44 orc warriors
  An ice dragon simulacrum (Tomb:1)
  10 ice beasts
  3 sky beasts
  A necrophage (Crypt:3)
  5 black bears
  37 ogres
  11 boggarts
  12 wolves
  22 centaurs
  4 human skeletons
  5 elf zombies
  A hog skeleton (Crypt:1)
  2 kobold brigands
  23 bullfrogs
  A wyvern zombie (D:13)
  A fire crab zombie (Crypt:3)
  A komodo dragon skeleton (Crypt:3)
  A wyvern skeleton (D:9)
  5 scorpions
  3 killer bees (D:7)
  2 orc simulacra (Vaults:1)
  A swamp dragon simulacrum (Crypt:2)
  17 wights
  2 electric eels
  5 howler monkeys
  4 centaur zombies
  4 lava snakes
  22 orc priests
  5 hounds
  3 human zombies
  5 jellies
  A wolf skeleton (Crypt:3)
  Crazy Yiuf (D:7)
  A hound (shapeshifter) (Elf:2)
  3 quasits
  2 bullfrog skeletons
  A soldier ant zombie (Crypt:1)
  3 centaur skeletons
  A hell rat (Lair:6)
  4 iguanas
  17 orc wizards
  8 worker ants
  A naga skeleton (Crypt:1)
  2 ogre skeletons (Crypt:1)
  3 hound zombies
  2 hound skeletons (D:4)
  16 mummies
  A worker ant zombie (D:7)
  10 gnolls
  10 adders
  4 shadow imps
  7 white imps
  4 ufetubi
  2 adder skeletons (D:9)
  4 adder zombies
  4 worms
  A barachi skeleton (Crypt:2)
  2 dart slugs
  4 leopard geckos
  122 orcs
  8 bats
  5 giant cockroaches
  7 hobgoblins
  9 jackals
  4 quokkas
  A ball python (D:5)
  7 frilled lizards
  A giant cockroach zombie (D:6)
  A gnoll zombie (Ossuary)
  9 goblins
  3 goblin zombies (Ossuary)
  2 hobgoblin zombies (Ossuary)
  A jackal skeleton (Crypt:3)
  6 kobolds
  2 kobold zombies (Ossuary)
  An orc zombie (Ossuary)
  A quokka skeleton (Crypt:2)
  A quokka zombie (Crypt:3)
  5 rats
  A bush (Lair:5)
  2 tentacles (Crypt:3)
2119 creatures vanquished.

Vanquished Creatures (collateral kills)
  A dread lich (Crypt:3)
  Mara (Shoals:3)
  A caustic shrike (Depths:5)
  2 nagarajas
  A vault warden (Vaults:3)
  A frost giant (Depths:4)
  An entropy weaver (Vaults:3)
  A jiangshi (Crypt:3)
  A naga warrior (Snake:3)
  An ogre mage (Vaults:3)
  A hydra (Lair:5)
  A death knight (Crypt:3)
  2 two-headed ogres (Vaults:3)
  An anaconda (Snake:3)
  A death yak (Lair:5)
  3 naga sharpshooters
  2 skeletal warriors (Crypt:3)
  A deep elf archer (Vaults:3)
  A salamander (Snake:4)
  2 fauns (Shoals:3)
  A deep elf zephyrmancer (Elf:3)
  A merfolk siren (Shoals:3)
  3 naga magi
  A merfolk (Shoals:3)
  A redback (Vaults:3)
  A swamp worm (shapeshifter) (Vaults:3)
  3 nagas (Snake:3)
  2 ogres (Vaults:3)
39 creatures vanquished.

Vanquished Creatures (others)
  A merfolk aquamancer (Shoals:2)
  A bullfrog skeleton (D:11)
  38 fungi
  90 plants
  6 tentacles (Crypt:3)
136 creatures vanquished.

Grand Total: 2294 creatures vanquished

Notes
Turn   | Place    | Note
-------+----------+-------------------------------------------
     0 | D:1      | rj54x the Minotaur Berserker began the quest for the Orb.
     0 | D:1      | Reached XP level 1. HP: 19/19 MP: 0/0
   505 | D:1      | Reached XP level 2. HP: 26/26 MP: 1/1
  1308 | D:2      | Noticed an ogre
  1323 | D:2      | Killed an ogre
  1324 | D:2      | Reached XP level 3. HP: 31/31 MP: 2/2
  1324 | D:2      | Reached XP level 4. HP: 39/39 MP: 3/3
  1380 | D:2      | Found a radiant altar of Vehumet.
  2075 | D:2      | Reached ** piety under Trog
  2309 | D:3      | Reached XP level 5. HP: 45/45 MP: 4/4
  2708 | D:3      | Found a sacrificial altar of Ru.
  3346 | D:4      | Found a hazy altar of Hepliaklqana.
  3392 | D:4      | Noticed an ogre
  3425 | D:3      | Killed an ogre
  3654 | D:4      | Reached XP level 6. HP: 49/51 MP: 5/5
  4429 | D:5      | Entered Level 5 of the Dungeon
  4517 | D:5      | Found a blossoming altar of Fedhas.
  4778 | D:5      | Reached XP level 7. HP: 50/57 MP: 6/6
  5756 | D:6      | Reached skill level 5 in Armour
  5760 | D:6      | Reached *** piety under Trog
  5951 | D:6      | Found a runed translucent gate.
  5952 | D:6      | Found a runed translucent gate.
  5953 | D:6      | Noticed foci's ghost (novice GrFi)
  5954 | D:6      | Found a runed translucent gate.
  6033 | D:6      | Reached skill level 10 in Axes
  6062 | D:6      | Found a staircase to the Ecumenical Temple.
  6080 | D:6      | Reached XP level 8. HP: 64/64 MP: 7/7
  6468 | D:7      | Found a sparkling altar of Nemelex Xobeh.
  6562 | D:7      | Found a white marble altar of Elyvilon.
  6644 | D:7      | Found a white marble altar of Elyvilon.
  6645 | D:7      | Found a glowing silver altar of Zin.
  6646 | D:7      | Found a glowing golden altar of the Shining One.
  6670 | D:7      | Found a sand-covered staircase.
  6676 | Ossuary  | Entered an ossuary
  7213 | D:7      | Found a burning altar of Makhleb.
  7292 | D:7      | Found a runed translucent door.
  7293 | D:7      | Noticed Crazy Yiuf
  7300 | D:7      | Killed Crazy Yiuf
  7452 | D:7      | Found a sacrificial altar of Ru.
  7490 | D:7      | Reached XP level 9. HP: 70/70 MP: 8/8
  7645 | D:7      | Reached **** piety under Trog
  7881 | D:7      | Upgraded the game from 0.27-a0-279-gdfb9265905 to
                  | 0.27-a0-320-g81d27af2d4
  7910 | D:8      | Found a white marble altar of Elyvilon.
  8192 | D:8      | Noticed Psyche
  8207 | D:8      | Killed Psyche
  8208 | D:8      | Reached skill level 10 in Armour
  8380 | D:8      | Noticed Gastronok
  8392 | D:7      | Identified a scroll of acquirement
  8392 | D:7      | Acquired 544 gold pieces
  8462 | D:8      | Paralysed by a hornet for 3 turns
  8692 | D:8      | Found Pura's Antique Weapon Boutique.
  8715 | D:8      | Bought a bone hand axe for 288 gold pieces
  8715 | D:8      | Identified the +7 hand axe of the Saving Oracle {freeze,
                  | rF+ Dex+3} (You bought it in a shop on level 8 of the
                  | Dungeon)
  8995 | D:9      | Noticed a +0 hand axe
  8996 | D:9      | Noticed a +0 dagger
  8997 | D:9      | Found a hide-covered altar of Uskayaw.
  9008 | D:9      | Reached skill level 5 in Fighting
  9560 | D:10     | Entered Level 10 of the Dungeon
  9570 | D:9      | Reached XP level 10. HP: 79/83 MP: 9/9
  9639 | D:10     | Noticed tinescath's ghost (journeyman DEFE)
  9640 | D:10     | Found a runed translucent gate.
  9641 | D:10     | Found a runed translucent gate.
  9641 | D:10     | Noticed a cyclops
  9641 | D:10     | Noticed a centaur warrior
  9642 | D:10     | Noticed a stone giant
  9642 | D:10     | Found a runed translucent gate.
  9690 | D:10     | You fall into a shaft and drop 1 floor!
  9730 | D:11     | Reached skill level 5 in Dodging
  9739 | D:11     | Noticed a red ugly thing
  9746 | D:11     | Noticed a white ugly thing
  9753 | D:11     | Killed a red ugly thing
  9761 | D:11     | Killed a white ugly thing
 10168 | D:11     | Noticed a two-headed ogre
 10182 | D:11     | Killed a two-headed ogre
 10189 | D:11     | Noticed a two-headed ogre
 10363 | D:11     | Killed a two-headed ogre
 10431 | D:11     | Found a staircase to the Lair.
 10474 | D:11     | Reached XP level 11. HP: 81/95 MP: 10/10
 10476 | D:11     | Reached ***** piety under Trog
 10721 | D:11     | Found an ancient bone altar of Kikubaaqudgha.
 10970 | D:12     | Noticed a two-headed ogre
 10974 | D:12     | Killed a two-headed ogre
 10978 | D:12     | Noticed a five-headed hydra
 11081 | D:12     | Found a flickering gateway to a bazaar.
 11110 | Bazaar   | Entered a bazaar
 11110 | Bazaar   | Found Kimuth's Distillery.
 11110 | Bazaar   | Found Cirghiokh's Antique Armour Shop.
 11133 | Bazaar   | Bought a potion of curing for 30 gold pieces
 11136 | Bazaar   | Found Hulorika's Antique Weapon Emporium.
 11147 | Bazaar   | Found Eleogryw's General Store.
 11156 | Bazaar   | Found Gihuekk's Jewellery Boutique.
 11348 | D:12     | Noticed a brown ugly thing
 11435 | D:8      | Noticed Erica
 11460 | D:8      | Killed Erica
 11632 | D:10     | Found a staircase to the Orcish Mines.
 11649 | D:10     | Received a gift from Trog
 11656 | D:10     | Upgraded the game from 0.27-a0-320-g81d27af2d4 to
                  | 0.27-a0-323-gbd089401bb
 11835 | D:10     | Noticed Josephine
 11850 | D:10     | Killed Josephine
 11851 | D:10     | Reached skill level 15 in Axes
 11859 | D:10     | Reached XP level 12. HP: 104/104 MP: 11/11
 12625 | D:6      | Killed foci's ghost
 12894 | D:8      | Killed Gastronok
 12895 | D:8      | Reached skill level 1 in Evocations
 13333 | D:12     | Noticed a boulder beetle
 13361 | D:12     | Killed a boulder beetle
 13417 | D:12     | Killed a five-headed hydra
 13740 | D:12     | Found a runed translucent door.
 13740 | D:12     | Noticed a rakshasa
 13855 | D:12     | Noticed a boulder beetle
 13867 | D:12     | Killed a boulder beetle
 14915 | D:13     | Noticed a boulder beetle
 14929 | D:13     | Killed a boulder beetle
 15093 | D:13     | Received a gift from Trog
 15218 | D:13     | Noticed a centaur warrior
 15355 | D:13     | Reached skill level 15 in Armour
 15473 | D:13     | Killed a centaur warrior
 15474 | D:13     | Reached XP level 13. HP: 94/111 MP: 12/12
 15636 | D:13     | Found a gate to the Vaults.
 17247 | D:15     | Entered Level 15 of the Dungeon
 17505 | D:15     | Received a gift from Trog
 17521 | D:15     | Found a flickering gateway to a bazaar.
 17527 | Bazaar   | Entered a bazaar
 17527 | Bazaar   | Found Poacsy's Distillery.
 17527 | Bazaar   | Found Isyuhi's Weapon Emporium.
 17598 | Bazaar   | Found Deecave's Armour Emporium.
 17612 | Bazaar   | Found Awerirchy's Armour Shoppe.
 17617 | Bazaar   | Bought a potion of invisibility for 104 gold pieces
 17617 | Bazaar   | Bought a potion of haste for 130 gold pieces
 17621 | Bazaar   | Bought a +2 plate armour of poison resistance for 518 gold
                  | pieces
 17997 | D:15     | Reached XP level 14. HP: 117/118 MP: 13/13
 18070 | D:15     | Noticed Jorgrun
 18189 | Lair:1   | Entered Level 1 of the Lair of Beasts
 20447 | Lair:3   | Found a staircase to the Shoals.
 21422 | Lair:4   | Found a staircase to the Snake Pit.
 22248 | Lair:4   | Upgraded the game from 0.27-a0-323-gbd089401bb to
                  | 0.27-a0-343-gfcad680f63
 22696 | Lair:5   | Reached ****** piety under Trog
 22728 | Lair:5   | Found a dark tunnel.
 22741 | Volcano  | Entered a volcano
 23101 | Lair:5   | Received a gift from Trog
 23107 | Lair:5   | Got a slimy executioner's axe {god gift}
 23108 | Lair:5   | Identified the +7 executioner's axe of Racamm {vorpal,
                  | rPois rF++ Int-5 SInv} (Trog gifted it to you on level 5 of
                  | the Lair of Beasts)
 23541 | Lair:6   | Entered Level 6 of the Lair of Beasts
 23557 | Lair:6   | Noticed Nessos
 24146 | Lair:6   | Reached XP level 15. HP: 100/124 MP: 14/14
 24552 | Lair:6   | Found a staircase to the Slime Pits.
 24552 | Lair:6   | Found a viscous altar of Jiyva.
 24631 | Lair:6   | Found a hazy altar of Hepliaklqana.
 24889 | Lair:6   | Received a gift from Trog
 24980 | Lair:6   | Killed Nessos
 25735 | Orc:1    | Entered Level 1 of the Orcish Mines
 25995 | Orc:2    | Entered Level 2 of the Orcish Mines
 26204 | Orc:2    | Received a gift from Trog
 26736 | Orc:2    | Paralysed by an orc sorcerer for 2 turns
 26938 | Orc:2    | Found a roughly hewn altar of Beogh.
 27004 | Orc:2    | Noticed an orc warlord
 27004 | Orc:2    | Paralysed by an orc sorcerer for 3 turns
 27010 | Orc:2    | Killed an orc warlord
 27110 | Orc:2    | Received a gift from Trog
 27194 | Orc:2    | Found Tigehuwy's Jewellery Boutique.
 27236 | Orc:2    | Found Kiafemide's Antique Armour Shop.
 27667 | Orc:2    | Noticed an orc warlord
 27687 | Orc:2    | Killed an orc warlord
 27788 | Orc:2    | Found a roughly hewn altar of Beogh.
 27800 | Orc:2    | Found Piman's Assorted Antiques.
 27819 | Orc:2    | Bought a scroll of identify for 54 gold pieces
 28047 | Orc:2    | Found Ompeucai's Book Shoppe.
 28143 | Orc:2    | Found a staircase to the Elven Halls.
 28459 | Snake:1  | Entered Level 1 of the Snake Pit
 28472 | Snake:1  | Reached XP level 16. HP: 125/132 MP: 15/15
 28484 | Snake:1  | Noticed Azrael
 28492 | Snake:1  | Killed Azrael
 28605 | Snake:1  | Found a sacrificial altar of Ru.
 29848 | Snake:2  | Found Wuthrelyr's Distillery.
 29857 | Snake:2  | Bought a potion of heal wounds for 90 gold pieces
 29857 | Snake:2  | Bought a potion of heal wounds for 90 gold pieces
 31116 | Snake:3  | Received a gift from Trog
 31245 | Snake:3  | Got a sapphire battleaxe {god gift}
 31246 | Snake:3  | Identified the +7 battleaxe of Dogma {flame, *Slow rPois
                  | Dex+3 SInv} (Trog gifted it to you on level 3 of the Snake
                  | Pit)
 32250 | Snake:4  | Entered Level 4 of the Snake Pit
 32255 | Snake:4  | Upgraded the game from 0.27-a0-343-gfcad680f63 to
                  | 0.27-a0-346-ga689d4a613
 32591 | Snake:4  | Noticed Vashnia
 32805 | Snake:4  | Received a gift from Trog
 33405 | Snake:4  | Reached XP level 17. HP: 99/137 MP: 16/16
 35543 | Snake:4  | Received a gift from Trog
 35860 | Snake:4  | Killed Vashnia
 36152 | Snake:4  | Got a serpentine rune of Zot
 36535 | D:12     | Received a gift from Trog
 36540 | D:12     | Got a transparent granite ring
 36545 | D:12     | Identified Usha's Handbook of Doomed Bewitchment
 36547 | D:12     | Identified the ring of the Establishment {rF+ rN+ Str+5
                  | Int-3} (You found it on level 12 of the Dungeon)
 36709 | Vaults:1 | Entered Level 1 of the Vaults
 37027 | Vaults:1 | Got a pair of translucent gloves
 37028 | Vaults:1 | Identified the +1 pair of gloves of Hasaddoi {rPois rC- rN+
                  | Slay+4} (You found it on level 1 of the Vaults)
 37155 | Vaults:1 | Acquired the +9 battleaxe "Biuluaz" {speed, rC- SInv
                  | Stlth+}
 37426 | Vaults:1 | Reached XP level 18. HP: 147/147 MP: 17/17
 37995 | Vaults:1 | Reached skill level 10 in Fighting
 38065 | Vaults:1 | Received a gift from Trog
 38123 | Vaults:1 | Cast into level 2 of the Abyss (a wizard)
 38135 | Vaults:1 | Escaped the Abyss
 39113 | Vaults:2 | You fall into a shaft and drop 1 floor!
 39677 | Vaults:3 | Reached skill level 10 in Dodging
 39858 | Vaults:3 | Noticed Margery
 40066 | Vaults:2 | Received a gift from Trog
 40483 | Vaults:2 | Reached skill level 5 in Evocations
 40982 | Vaults:2 | Found a staircase to the Crypt.
 40992 | Vaults:2 | Reached XP level 19. HP: 162/162 MP: 18/18
 41561 | Vaults:2 | Killed Margery
 41733 | Vaults:3 | Received a gift from Trog
 42880 | Vaults:3 | Received a gift from Trog
 43324 | Vaults:4 | Found Comazip's Assorted Antiques.
 43329 | Vaults:4 | Bought a scroll of identify for 56 gold pieces
 43380 | Vaults:4 | Reached skill level 15 in Fighting
 43623 | Vaults:4 | Got a warped battleaxe
 43702 | Vaults:4 | Found a radiant altar of Vehumet.
 44259 | Vaults:4 | Reached XP level 20. HP: 177/180 MP: 19/19
 44543 | Vaults:4 | Received a gift from Trog
 44946 | Lair:1   | Identified the +7 battleaxe of Experimentation {venom, rC+
                  | Str+2 Int+3} (You found it on level 4 of the Vaults)
 45084 | Elf:1    | Entered Level 1 of the Elven Halls
 45084 | Elf:1    | Found Tongar's Antique Armour Emporium.
 45084 | Elf:1    | Identified the +1 kite shield of the Known World {rCorr
                  | Int+5 Dex+6}
 45084 | Elf:1    | Noticed Asterion
 45096 | Orc:2    | Killed Asterion
 45175 | Elf:1    | Found Xiuboito's Armour Shoppe.
 46089 | Elf:2    | Found a runed translucent gate.
 46089 | Elf:2    | Found a runed translucent gate.
 46089 | Elf:2    | Found a runed translucent gate.
 46159 | Elf:2    | Received a gift from Trog
 46818 | Elf:2    | Found Raadghe's Assorted Antiques.
 46890 | Elf:2    | Bought a scroll of identify for 46 gold pieces
 46890 | Elf:2    | Bought a scroll of identify for 46 gold pieces
 46890 | Elf:2    | Bought a scroll of identify for 46 gold pieces
 48062 | Elf:3    | Entered Level 3 of the Elven Halls
 48113 | Elf:3    | Received a gift from Trog
 49023 | Elf:3    | Reached skill level 1 in Stealth
 49470 | Elf:3    | Reached XP level 21. HP: 196/196 MP: 20/20
 49474 | Elf:3    | Identified the +8 long sword of Doom {vorpal, Dex+3}
 49788 | Elf:3    | Identified the Collected Works on Hurtful Envenoming
 49818 | Elf:3    | Identified the Reference Book on Hurtful Air
 49868 | Elf:3    | Got a twisted cloak
 49869 | Elf:3    | Identified the +2 cloak "Onoejum" {rC+ rN+} (You found it
                  | on level 3 of the Elven Halls)
 49883 | Elf:3    | Got a pair of polished boots
 49884 | Elf:3    | Identified the +0 pair of boots of Hide-and-Seek {Harm
                  | Dex+3} (You found it on level 3 of the Elven Halls)
 49888 | Elf:3    | Identified Cougey's Handbook of Noxious Evil Secrets
 50284 | Elf:3    | Upgraded the game from 0.27-a0-346-ga689d4a613 to
                  | 0.27-a0-380-g150de4c316
 50565 | Shoals:1 | Entered Level 1 of the Shoals
 50565 | Shoals:1 | Noticed Frances
 50699 | Shoals:1 | Killed Frances
 50808 | Shoals:1 | Found a broken altar of Ashenzari.
 50872 | Shoals:1 | Noticed Roxanne
 51201 | Shoals:1 | Received a gift from Trog
 51889 | Shoals:2 | Found a hide-covered altar of Uskayaw.
 51906 | Shoals:2 | Identified the +8 fustibalus of Wofiam {venom, Int+2 Dex+3}
 52472 | Shoals:2 | Reached skill level 5 in Stealth
 52476 | Shoals:2 | Got a scorched pewter ring
 52480 | Shoals:2 | Identified the ring of Lyegysa {rPois rF+ rN++ Str+4 Dex-2}
                  | (You found it on level 2 of the Shoals)
 53168 | Shoals:3 | Noticed Polyphemus
 53199 | Shoals:3 | Killed Polyphemus
 53211 | Shoals:3 | Received a gift from Trog
 53355 | Shoals:3 | Noticed Mara
 53372 | Shoals:3 | Killed Mara
 53464 | Shoals:3 | Noticed Ilsuiw
 53496 | Shoals:3 | Killed Ilsuiw
 53944 | Shoals:4 | Entered Level 4 of the Shoals
 54288 | Shoals:4 | Got a barnacled rune of Zot
 54396 | Shoals:4 | Received a gift from Trog
 54536 | Shoals:4 | Noticed Aizul
 54542 | Shoals:4 | Killed Aizul
 54881 | D:15     | Found a staircase to the Depths.
 55039 | D:15     | Killed Jorgrun
 55516 | Depths:1 | Entered Level 1 of the Depths
 55574 | Depths:1 | Reached XP level 22. HP: 210/210 MP: 21/21
 55825 | Depths:1 | Found Wouniph's Weapon Shop.
 56069 | Depths:1 | Found a gateway to Hell.
 56276 | Depths:1 | Received a gift from Trog
 56848 | Depths:2 | Reached skill level 10 in Evocations
 57602 | Depths:2 | Got a distressingly furry buckler
 57603 | Depths:2 | Identified the +0 buckler of the Locust {rF+ Int+4 Slay-6}
                  | (You found it on level 2 of the Depths)
 57604 | Depths:2 | Upgraded the game from 0.27-a0-380-g150de4c316 to
                  | 0.27-a0-385-g3208abaabc
 58749 | Depths:3 | Received a gift from Trog
 58886 | Depths:3 | Lost intelligence.
 59433 | Depths:3 | Noticed a juggernaut
 59443 | Depths:3 | Killed a juggernaut
 59444 | Depths:3 | Identified the +6 long sword of Defilement {freeze, +Blink
                  | Will+ Dex+3}
 59563 | Depths:3 | Reached XP level 23. HP: 209/222 MP: 22/22
 59711 | Depths:3 | Found the +8 mithril axe "Arga" {speed, Will+}
 59812 | Depths:3 | Found a runed translucent gate.
 59812 | Depths:3 | Found a runed translucent gate.
 59814 | Depths:3 | Found a runed translucent gate.
 59817 | Depths:3 | Noticed Usuebad's ghost (adept DgCj)
 59849 | Depths:3 | Killed Usuebad's ghost
 60220 | Depths:3 | Found a one-way gate leading to the halls of Pandemonium.
 60380 | Depths:4 | Received a gift from Trog
 60830 | Depths:4 | Found an ancient bone altar of Kikubaaqudgha.
 61070 | Depths:4 | Received a gift from Trog
 62107 | Depths:4 | Found a one-way gate to the infinite horrors of the Abyss.
 62252 | Depths:4 | Identified the +7 arbalest "Linwept" {elec, rF+}
 62273 | Depths:4 | Found a runed translucent door.
 62323 | Depths:4 | Noticed Keacayg's ghost (veteran KoEn)
 62350 | Depths:4 | Killed Keacayg's ghost
 62748 | Depths:4 | Noticed the Enchantress
 62796 | Depths:4 | Killed the Enchantress
 62809 | Depths:4 | Received a gift from Trog
 63759 | Depths:5 | Entered Level 5 of the Depths
 63869 | Depths:5 | Noticed a caustic shrike
 63869 | Depths:5 | Noticed a caustic shrike
 63869 | Depths:5 | Noticed a caustic shrike
 64119 | Depths:5 | Found a snail-covered altar of Cheibriados.
 64227 | Depths:5 | Reached XP level 24. HP: 210/234 MP: 22/22
 64430 | Depths:5 | Found a gateway to a ziggurat.
 64963 | Depths:5 | Received a gift from Trog
 65277 | Depths:5 | Found a runed translucent door.
 65277 | Depths:5 | Found a runed translucent door.
 65277 | Depths:5 | Found a runed translucent door.
 65285 | Depths:5 | Found a runed translucent door.
 65318 | Depths:5 | Found a runed translucent door.
 65322 | Depths:5 | Found a runed translucent door.
 65378 | Depths:5 | Found a gate to the Realm of Zot.
 66378 | Lair:1   | Upgraded the game from 0.27-a0-385-g3208abaabc to
                  | 0.27-a0-406-g23f261fbd2
 66554 | Crypt:1  | Entered Level 1 of the Crypt
 66560 | Crypt:1  | Noticed Jory
 66947 | Crypt:1  | Killed Jory
 67210 | Crypt:1  | Received a gift from Trog
 67924 | Crypt:2  | Reached skill level 15 in Evocations
 68011 | Crypt:2  | Reached XP level 25. HP: 243/246 MP: 22/22
 68829 | Crypt:3  | Entered Level 3 of the Crypt
 69106 | Crypt:3  | Received a gift from Trog
 69751 | Crypt:3  | Noticed a dread lich
 69751 | Crypt:3  | Noticed an ancient lich
 70018 | Crypt:3  | Got a transparent lead ring
 70018 | Crypt:3  | Got a vibrating silver ring
 70021 | Crypt:3  | Noticed a dread lich
 70021 | Crypt:3  | Noticed an ancient lich
 70026 | Crypt:3  | Killed an ancient lich
 70030 | Crypt:3  | Killed an ancient lich
 70030 | Crypt:3  | Killed a dread lich
 70034 | Crypt:3  | Killed a dread lich
 70230 | Crypt:3  | Identified the Collected Works on Toxic Hexes
 70236 | Crypt:3  | Identified Khufu's Compendium of Unholy Rituals
 70242 | Crypt:3  | Got an encrusted mace
 70254 | Crypt:3  | Identified the ring of Ifuureul {+Fly rF- rN+ Str+4 Dex+2}
                  | (You found it on level 3 of the Crypt)
 70255 | Crypt:3  | Identified the ring of the Invisible Hand {rElec rPois rN+
                  | Str-2 Dex+5} (You found it on level 3 of the Crypt)
 70256 | Crypt:3  | Identified the +7 mace "Qutaul" {protect, rN++} (You found
                  | it on level 3 of the Crypt)
 70592 | Crypt:3  | Found a staircase to the Tomb.
 70848 | Tomb:1   | Entered Level 1 of the Tomb of the Ancients
 70919 | Tomb:1   | Upgraded the game from 0.27-a0-406-g23f261fbd2 to
                  | 0.27-a0-412-g8dd771eca2
 71043 | Tomb:1   | Received a gift from Trog
 71063 | Tomb:1   | Paralysed by a sphinx for 7 turns
 71072 | Tomb:1   | HP: 10/248 [guardian mummy (4)]
 71074 | Tomb:1   | Killed by a guardian mummy's death curse

Illustrated notes

Levels and vault maps discovered:
D:1:      elethiomel_arrival_shortcut, layout_basic
D:2:      layout_basic, lemuel_doored_altar, amethyst_killhole
D:3:      layout_basic, nicolae_ru_awakened_eye
D:4:      layout_rooms, nzn_hepliaklqana_mist_gate, cheibrodos_sewer_entry_bend
D:5:      layout_layer_cave, fedhas_altar_fruit_tree
D:6:      layout_rooms, minmay_temple_entry_glass, gammafunk_ghost_split
D:7:      layout_cave_pools, good_gods_temple_1, lemuel_crystal_altar,
          marbit_many_paths, overflow_temple_1_default, enter_bailey_8,
          nicolae_ossuary_entry_plus, minmay_crystal_water, grunt_ministairs_14,
          elyvilon_altar_1, uniq_crazy_yiuf_cottage
D:8:      layout_rooms, serial_shops, shop, basic_altar, serial_bayou,
          serial_bayou_pond_e, serial_bayou_shore_a, serial_bayou_pond_d,
          serial_bayou_pond_e, uniq_gastronok, uniq_erica, uniq_psyche
D:9:      layout_loops_ring, dancing_weapons_uskayaw,
          chequers_serial_rivers_micro_d
D:10:     layout_gridville, minmay_orc_entry_guard_dogs, gammafunk_ghost_split,
          nicolae_benzene_ring, uniq_josephine
D:11:     layout_rooms, grunt_lair_entry_orc_guard_hut, lemuel_statue_altar
D:12:     layout_roguey, portal_ice_cave_demonic_guard, serial_shops,
          bzr_entry_lakeside, minmay_st_funbox, hangedman_decor_riveting
D:13:     layout_long_grid, grunt_vaults_entry_tiered
D:14:     layout_roguey
D:15:     grunt_enter_depths_hoard, layout_cave_pods, serial_shops,
          bzr_entry_road, palyth_stone_intersect, uniq_jorgrun
Lair:1:   layout_chaotic_city, minivault_19
Lair:2:   layout_regular_city
Lair:3:   layout_roguey, elwin_shoals_entry_rocks, grunt_megastairs_1
Lair:4:   layout_gridlike, ice2_lemuel, infiniplex_staircase_pool,
          lemuel_fruit_fields, minmay_lair_oklob_chamber
Lair:5:   layout_misc_corridors, lightli_volcano_entry_magma_tube,
          gauntlet_entry_generic, serial_bayou_pond_e, grunt_megastairs_5
Lair:6:   hangedman_lair_in_review, layout_hall_layers, slime_altar_1,
          amcnicky_altar_gilded, lemuel_fruit_tree, uniq_nessos
Shoals:1: layout_shoals, lemuel_altar_in_water, uniq_roxanne, uniq_frances
Shoals:2: layout_shoals, regret_index_shoals_crete
Shoals:3: layout_shoals, nzn_prometheus_bound, uniq_ilsuiw, uniq_polyphemus,
          uniq_mara
Shoals:4: shoals_end_simple, layout_shoals, uniq_aizul
Snake:1:  layout_rooms, basic_altar, uniq_azrael
Snake:2:  layout_misc_corridors, serial_shops, nicolae_shop_trees,
          statue_in_the_mist_lemuel, serial_bayou_shore_b
Snake:3:  layout_basic, grunt_megastairs_3
Snake:4:  snake_pit, layout_onion, grunt_ministairs_7, uniq_vashnia
Orc:1:    layout_caves
Orc:2:    pubby_orc_utopia
Elf:1:    dpeg_oklob_gauntlet, layout_gridlike, serial_shops,
          bzr_entry_customers, nicolae_shop_window_shopping, shop,
          evilmike_minifort, drop_trap, uniq_asterion, uniq_agnes
Elf:2:    layout_gridlike, serial_shops, nicolae_shop_waterfront,
          nicolae_elf_big_sculpture_2, serial_sigils_hangedman_gnaw,
          minivault_25
Elf:3:    minmay_elf_hall_x, layout_geoelf_octagon, grunt_ministairs_8,
          billiards_dpeg
Vaults:1: v_misc_2, nicolae_vaults_little_ls, v_rooms_5,
          nicolae_vaults_network_square, nicolae_vaults_diagonal_hallway_8,
          nicolae_vaults_little_squares_3, vaults_room_pool,
          vaults_mumra_minichess_inversion, layout_vaults_omnigrid
Vaults:2: vaults_mumra_chevron_long, nicolae_vaults_little_squares_4, st_cross,
          grunt_vaults_hallway_short, v_misc_23, hangedman_vaults_trim,
          vaults_room_boxed, nicolae_vaults_specimen_jars, vaults_room_hallway,
          nicolae_vaults_alarming, nicolae_vaults_big_ls, vaults_room_door_ring,
          hangedman_vaults_unwind, hangedman_vaults_snaps, layout_vaults_ring,
          blue_anna_dwarven_crypt
Vaults:3: nicolae_vaults_display_case, v_misc_23,
          nicolae_vaults_border_crossing, ontoclasm_vaults_hangar,
          vaults_dpeg_hooks, v_misc_4, hangedman_vaults_restitches,
          vaults_room_door_ring, v_pattern_1, v_misc_26,
          nicolae_vaults_triangles, vaults_room_pool, ontoclasm_vaults_ligature,
          v_alt_pattern_1, nicolae_vaults_ring_of_whatevers, vaults_dpeg_ring,
          layout_vaults_maze_bifur, uniq_margery
Vaults:4: grunt_tower_of_power, nicolae_vaults_yaktaur_gun_rack,
          ontoclasm_vaults_bender, ontoclasm_vaults_decontamination,
          nicolae_vaults_little_squares_2, v_misc_12, grunt_vaults_twisty,
          grunt_vaults_hallway_long, nicolae_vaults_gold_heap,
          layout_vaults_big_room, serial_shops, shop
Crypt:1:  layout_misc_corridors, uniq_jory
Crypt:2:  layout_basic, grunt_megastairs_4
Crypt:3:  david_glass_crypt, layout_misc_corridors,
          nicolae_tomb_entry_unfolded_pyramid_orthogonal, st_stairs_3,
          minmay_misc_feat_columns, minivault_14, grunt_ministairs_15
Tomb:1
Depths:1: layout_cave_pools, hangedman_decor_slide_cut, serial_shops,
          kennysheep_mini, grunt_mini_vestibule, st_stairs_1,
          grunt_ministairs_8, minmay_misc_feat_pillars, hangedman_decor_push,
          nrook_pool_corridor, fountainhead, chequers_serial_rivers_small_3,
          lemuel_flamethrower_3
Depths:2: hangedman_screamer, layout_honeycomb, pf_coc_iceberg,
          kennysheep_kite_vault
Depths:3: evilmike_diamond_1, layout_gridlike, rand_demon_pan_entry_9,
          pf_vacation_house_of_asmodeus, ebering_ghost_rock_garden,
          minmay_misc_feat_alley, minmay_staircase_bubble
Depths:4: evilmike_negative_zone, layout_gridlike,
          hangedman_decor_clover_reticule, ebering_ghost_reflecting_pool,
          abyss_entry_glasseish, hell_entry, rand_demon_pan_entry_1,
          uniq_enchantress
Depths:5: evilmike_zot_entry_castle, layout_honeycomb, enter_ziggurat_a,
          hell_entry, hangedman_abyss_or_decor_slice, minivault_1,
          cheibriados_altar_1

Skill      XL: |  1  2  3  4  5  6  7  8  9 10 11 12 13 14 15 16 17 18 19 20 21 22 23 24 25 |
---------------+----------------------------------------------------------------------------+-----
Axes           | 4 6 7 9 10 11 12 15 16 18 20 22 24 25 26 | 26.7
Armour         | 3 4 6 8 11 12 15 17 18 19 20 21 22 23 24 25 26 | 26.9
Fighting       | 5 8 9 12 15 18 20 21 22 24 | 24.9
Dodging        | 4 7 8 10 12 | 12.5
Evocations     | 4 5 8 9 11 13 15 16 | 16.0
Stealth        | 2 5 |  5.9

Action                   |  1- 3 |  4- 6 |  7- 9 | 10-12 | 13-15 | 16-18 | 19-21 | 22-24 | 25-27 || total
-------------------------+-------+-------+-------+-------+-------+-------+-------+-------+-------++-------
Melee: Hand axe          |    30 |   139 |    61 |   153 |       |       |       |       |       ||   383
       Headbutt          |     6 |    33 |    58 |   138 |   232 |   255 |   271 |   335 |    67 ||  1395
       War axe           |       |    11 |   210 |   183 |       |       |       |       |       ||   404
       Battleaxe         |       |       |       |   131 |   505 |    84 |       |       |       ||   720
       Morningstar       |       |       |       |     4 |    80 |       |       |       |       ||    84
       Executioner's axe |       |       |       |       |   421 |   899 |  1048 |  1202 |   244 ||  3814
Throw: Boomerang         |       |       |       |       |     1 |       |       |       |       ||     1
Invok: Berserk           |     1 |     1 |     4 |     6 |     4 |     2 |     1 |     3 |       ||    22
       Trog's Hand       |       |       |     2 |     4 |     5 |    12 |     6 |     5 |     3 ||    37
       Brothers in Arms  |       |       |       |       |     1 |     6 |     3 |     3 |     4 ||    17
Evoke: Wand              |       |       |       |       |     3 |       |     3 |       |       ||     6
       Lightning rod     |       |       |       |       |       |       |     2 |       |       ||     2
       Condenser vane    |       |       |       |       |       |       |     1 |       |       ||     1
  Use: Scroll            |     1 |     6 |    12 |     4 |    12 |    18 |    11 |    11 |     6 ||    81
       Potion            |       |       |     1 |       |       |     5 |       |     3 |     5 ||    14
 Stab: Sleeping          |     1 |       |       |       |       |       |       |       |       ||     1
       Petrified         |       |       |       |       |     1 |       |       |       |       ||     1
       Distracted        |       |       |       |       |       |     1 |       |     1 |     3 ||     5
Armor: Animal skin       |     3 |    29 |     3 |       |       |       |       |       |       ||    35
       Plate armour      |       |       |   115 |   185 |   664 |       |       |       |       ||   964
       Crystal plate arm |       |       |       |       |    86 |   578 |   673 |   766 |   226 ||  2329
Dodge: Dodged            |    18 |    76 |   102 |   154 |   582 |   362 |   512 |   433 |    98 ||  2337
Block: Other             |       |    25 |    58 |    69 |   213 |   167 |   170 |   175 |    39 ||   916
       Reflection        |       |     2 |     8 |     3 |     4 |    32 |    36 |     5 |       ||    90

Table legend: (Time is in decaauts)
 A = Elapsed time spent in this place.
 B = Non-inter-level travel time spent in this place.
 C = Inter-level travel time spent in this place.
 D = Time resting spent in this place.
 E = Time spent auto-exploring this place.
 F = Levels seen in this place.
 G = Mean time per level.
                   A        B        C        D        E       F      G
               +--------+--------+--------+--------+--------+-----+--------+
         Total |  70482 |  66595 |   3887 |  22541 |  29419 |  52 | 1355.4 |
       Dungeon |  18954 |  17328 |   1626 |   4890 |   8781 |  15 | 1263.6 |
          Lair |   7855 |   7163 |    692 |   1981 |   3871 |   6 | 1309.2 |
        Shoals |   4100 |   3963 |    137 |   1405 |   1442 |   4 | 1025.0 |
     Snake Pit |   7843 |   7653 |    190 |   3907 |   2277 |   4 | 1960.8 |
  Orcish Mines |   2706 |   2482 |    224 |    251 |   1462 |   2 | 1353.0 |
   Elven Halls |   5126 |   4976 |    150 |   2171 |   1707 |   3 | 1708.7 |
        Vaults |   8471 |   8080 |    391 |   2986 |   3426 |   4 | 2117.8 |
         Crypt |   3694 |   3590 |    104 |   1058 |   1518 |   3 | 1231.3 |
          Tomb |    228 |    228 |      0 |     62 |      0 |   1 |  228.0 |
        Depths |  10579 |  10212 |    367 |   3674 |   4520 |   5 | 2115.8 |
         Abyss |     11 |     11 |      0 |      0 |      0 |   1 |   11.0 |
        Bazaar |    182 |    182 |      0 |     67 |      0 |   2 |   91.0 |
       Ossuary |    484 |    484 |      0 |     84 |    262 |   1 |  484.0 |
       Volcano |    244 |    244 |      0 |      0 |    150 |   1 |  244.0 |
               +--------+--------+--------+--------+--------+-----+--------+

Top non-repeatable levels by time:
Depths:4: 3462 daAuts
 Snake:4: 3319 daAuts
Vaults:2: 2572 daAuts
   Orc:2: 2434 daAuts
 Snake:3: 2361 daAuts
Vaults:1: 2353 daAuts
Depths:5: 2297 daAuts
   Elf:3: 2173 daAuts
   Elf:2: 2071 daAuts
 Crypt:3: 1977 daAuts
Vaults:3: 1946 daAuts
    D:12: 1868 daAuts
Depths:3: 1863 daAuts
    D:13: 1799 daAuts
    D:11: 1622 daAuts
